 Dungeon Crawl Stone Soup version 0.32-a0-128-g77eb882913 (webtiles) character file.

Game seed: 6298787294226287405

166 Essalna the Digger (level 5, -3/28 HPs)
             Began as a Gargoyle Earth Elementalist on Feb 8, 2024.
             Slain by a goblin
             ... wielding a +0 club
             ... led by Robin
              (6 damage)
             ... on level 3 of the Dungeon.
             The game lasted 00:03:00 (1586 turns).

Essalna the Digger (Gargoyle Earth Elementalist)    Turns: 1586, Time: 00:03:00

Health: -3/28      AC:  7    Str: 11    XL:     5   Next: 47%
Magic:  0/9        EV: 11    Int: 18    God:
Gold:   67         SH:  0    Dex: 10    Spells: 9/10 levels left

rFire   . . .        i - +2 short sword (drain)
rCold   . . .        (no shield)
rNeg    + . .        a - +0 robe
rPois   ∞            e - +0 helmet
rElec   +            (no cloak)
rCorr   .            (no gloves)
SInv    .            (no boots)
Will    .....        (no amulet)
Stlth   ++           (no ring)
HPRegen 0.24/turn    (no ring)
MPRegen 0.11/turn

%: no passive effects
@: no status effects
A: sickness immunity, AC +4, negative energy resistance 1, electricity
resistance, torment resistance 1, petrification resistance
a: no special abilities


You were on level 3 of the Dungeon.
You visited 1 branch of the dungeon, and saw 3 of its levels.

You collected 67 gold pieces.

Inventory:

Hand Weapons
 f - a +0 dagger
 i - a +2 short sword of draining (weapon)
 l - a +2 dagger of venom
Missiles
 d - a throwing net
Armour
 a - a +0 robe (worn)
 e - a +0 helmet (worn)
Scrolls
 h - 2 scrolls of immolation {unknown}
 m - 2 scrolls of identify {unknown}
Potions
 b - a potion of magic
 c - a potion of berserk rage {unknown}
 g - 2 potions of cancellation {unknown}
 j - a potion of curing {unknown}
 k - a potion of brilliance {unknown}


   Skills:
 - Level 1.5 Dodging
 - Level 2.1 Stealth
 + Level 3.3 Spellcasting
 + Level 3.3 Conjurations
 + Level 5.0 Earth Magic


You had 9 spell levels left.
You knew the following spells:

 Your Spells              Type           Power      Damage    Failure   Level
a - Sandblast             Erth           42%        2d11      1%          1

Your spell library contained the following spells:

 Spells                   Type           Power      Damage    Failure   Level
 Passwall                 Erth           21%        N/A       6%          3
 Foxfire                  Conj/Fire      32%        2x1d5     9%          1
 Shock                    Conj/Air       32%        1d5       9%          1
 Stone Arrow              Conj/Erth      36%        3d9       9%          3
 Brom's Barrelling Bould  Conj/Erth      18%        2d4       28%         4
 Gell's Gravitas          Tloc           2%         N/A       43%         3
 Swiftness                Air            2%         N/A       43%         3
 Teleport Other           Tloc           2%         N/A       43%         3
 Petrify                  Alch/Erth      12%        N/A       50%         4
 Airstrike                Air            1%         2d(1-17)  85%         4
 Dispersal                Tloc           1%         N/A       100%        6
 Plasma Beam              Fire/Air       1%         2x1d11    100%        6
 Starburst                Conj/Fire      4%         6d3       100%        6


Dungeon Overview and Level Annotations

Branches:
Dungeon (3/15)

Altars:


Innate Abilities, Weirdness & Mutations

You are immune to sickness and miasma.
Your stone body is resilient. (AC +4)
You are immune to poison.
You resist negative energy. (rN+)
You are resistant to electric shocks. (rElec)
You are resistant to unholy torment.
You are immune to petrification.


Message History

The blast of sand misses Robin.
The blast of sand hits the goblin.
The goblin is severely wounded.
Robin throws the goblin at you! The goblin closely misses you.
Robin zaps a wand.
The puff of flame misses you.
The puff of flame hits the goblin!
The goblin dies!
You hit Robin but do no damage.
Robin is almost dead.
Robin says, "My army is invincible!"
Robin throws the goblin at you!
You hit Robin.
Robin is almost dead.
The goblin hits you with a +0 dagger. Robin hits you with a +0 club.
You barely miss Robin.
Robin is almost dead.
The goblin hits you with a +0 dagger.
* * * LOW HITPOINT WARNING * * *
Robin throws the goblin at you!
You barely miss Robin.
Robin is almost dead.
The goblin no longer looks unusually strong.
The goblin hits you with a +0 dagger.
* * * LOW HITPOINT WARNING * * *
The goblin hits you but does no damage.
Robin roars a battlecry!
The goblin goes into a battle-frenzy!
You closely miss the goblin.
The goblin is severely wounded.
The goblin hits you but does no damage. x2; Robin zaps a wand.
The puff of flame hits you.
* * * LOW HITPOINT WARNING * * *
Casting: Sandblast (safe; 1% risk of failure)
Confirm with . or Enter, or press ? or * to list all spells.
Aiming: Sandblast (safe; 1% risk of failure)
Press: ? - help, Shift-Dir - straight line, f/p - Robin
Aim: Robin, wielding a +0 club, wearing a +0 animal skin, wearing a +0 helmet and carrying a wand of flame (almost dead, 87% to hit)
The blast of sand hits Robin.
You kill Robin!
The goblin hits you but does no damage. The goblin hits you with a +0 club.
You die...

##..### #.
#..# #..#
#..# #..#
#..# #..##
#.gg# ###@#
#####
####)#......
#..).)..#
#.##.##.....
# #.# .###
... .# #$# #
#.# ...


You could see 2 goblins.

Vanquished Creatures
  Natasha (twice) (D:3)
  Robin (D:3)
  8 adders
  5 bats
  4 endoplasms
  2 giant cockroaches
  8 goblins
  6 hobgoblins
  4 kobolds (D:1)
  2 ball pythons (D:2)
  2 frilled lizards
  3 rats
47 creatures vanquished.

Vanquished Creatures (others)
  A goblin (D:3)
1 creature vanquished.

Grand Total: 48 creatures vanquished

Notes
Turn   | Place    | Note
-------+----------+-------------------------------------------
     0 | D:1      | Essalna the Gargoyle Earth Elementalist began the quest for
                  | the Orb.
     0 | D:1      | Reached XP level 1. HP: 10/10 MP: 3/3
   391 | D:1      | Reached XP level 2. HP: 15/15 MP: 3/5
   671 | D:1      | Reached skill level 4 in Earth Magic
   873 | D:2      | Reached XP level 3. HP: 19/19 MP: 4/6
  1077 | D:2      | Reached XP level 4. HP: 24/24 MP: 6/8
  1397 | D:3      | Noticed Natasha
  1402 | D:3      | Killed Natasha
  1411 | D:3      | Reached XP level 5. HP: 20/28 MP: 0/9
  1427 | D:3      | Noticed Natasha
  1433 | D:3      | Killed Natasha
  1434 | D:3      | Reached skill level 5 in Earth Magic
  1570 | D:3      | Noticed Robin
  1586 | D:3      | Killed Robin
  1586 | D:3      | Slain by a goblin

Illustrated notes

Levels and vault maps discovered:
D:1:      beargit_arrival_diablo_church, layout_basic
D:2:      layout_rooms
D:3:      layout_loops_ring, uniq_natasha, uniq_robin

Skill      XL: |  1  2  3  4  5 |
---------------+----------------+-----
Earth Magic    | 4 5 |  5.0
Conjurations   | 2 3 |  3.3
Spellcasting   | 3 |  3.3
Dodging        | |  1.5
Stealth        | |  2.1

Action                     |  1- 3 |  4- 6 || total
---------------------------+-------+-------++-------
  Melee: Short sword       |    25 |     8 ||    33
   Cast: Sandblast         |    19 |    33 ||    52
 Armour: Robe              |    16 |    32 ||    48
  Dodge: Dodged            |    19 |    18 ||    37

Table legend: (Time is in decaauts)
 A = Elapsed time spent in this place.
 B = Non-inter-level travel time spent in this place.
 C = Inter-level travel time spent in this place.
 D = Time resting spent in this place.
 E = Time spent auto-exploring this place.
 F = Levels seen in this place.
 G = Mean time per level.
                   A        B        C        D        E       F      G
               +--------+--------+--------+--------+--------+-----+--------+
         Total |   1610 |   1567 |     43 |      0 |   1305 |   3 |  536.7 |
       Dungeon |   1610 |   1567 |     43 |      0 |   1305 |   3 |  536.7 |
               +--------+--------+--------+--------+--------+-----+--------+

Top non-repeatable levels by time:
     D:1: 836 daAuts
     D:2: 573 daAuts
     D:3: 200 daAuts
